 Dungeon Crawl Stone Soup version 0.27.0-1-g7a089689b8 (webtiles) character file.

Game seed: 5279987274925021652

492 ZombieSheep the Ducker (level 7, -1/60 HPs)
             Began as a Gnoll Monk on Aug 10, 2021.
             Slain by Pikel (4 damage)
             ... on level 4 of the Dungeon.
             The game lasted 00:08:44 (5067 turns).

ZombieSheep the Ducker (Gnoll Monk)                 Turns: 5067, Time: 00:08:45

Health: -1/60      AC:  7    Str: 10    XL:     7   Next: 14%
Magic:  10/10      EV: 11    Int: 11    God:
Gold:   213        SH:  0    Dex: 15    Spells: 10/10 levels left

rFire    . . .     SeeInvis +   a - +0 spear
rCold    . . .     Faith    .   (no shield)
rNeg     . . .     Spirit   .   i - +0 scale mail
rPois    .         Reflect  .   (no helmet)
rElec    .         Harm     .   (no cloak)
rCorr    +         Rampage  .   f - +0 pair of gloves
Will     .....                  (no boots)
Stlth    ++........             (no amulet)
HPRegen  0.20/turn              g - ring of see invisible
MPRegen  0.12/turn              b - ring of resist corrosion

@: hasted, very quick
A: fangs 1, strong nose, distributed training
a: no special abilities


You were on level 4 of the Dungeon.
You visited 1 branch of the dungeon, and saw 5 of its levels.

You collected 213 gold pieces.

Inventory:

Hand Weapons
 a - a +0 spear (weapon)
 c - a +0 longbow
Missiles
 l - 5 boomerangs (quivered)
Armour
 f - a +0 pair of gloves (worn)
 i - a +0 scale mail (worn)
Jewellery
 b - a ring of resist corrosion (right hand)
 g - a ring of see invisible (left hand)
Scrolls
 d - a scroll of blinking {unknown}
 m - 2 scrolls of teleportation
Potions
 e - a potion of brilliance


   Skills:
 + Level 7.0 Fighting
 + Level 2.3 Short Blades
 + Level 2.3 Long Blades
 + Level 2.3 Axes
 + Level 2.3 Maces & Flails
 + Level 7.0 Polearms
 + Level 2.3 Staves
 + Level 2.3 Slings
 + Level 2.3 Bows
 + Level 2.3 Crossbows
 + Level 2.3 Throwing
 + Level 2.3 Armour
 + Level 7.0 Dodging
 + Level 4.8 Stealth
 + Level 2.3 Shields
 + Level 2.3 Unarmed Combat
 + Level 2.3 Spellcasting
 + Level 1.8 Conjurations
 + Level 1.8 Hexes
 + Level 1.8 Summonings
 + Level 1.8 Necromancy
 + Level 1.8 Translocations
 + Level 1.8 Transmutations
 + Level 1.8 Fire Magic
 + Level 1.8 Ice Magic
 + Level 1.8 Air Magic
 + Level 1.8 Earth Magic
 + Level 1.8 Poison Magic
 + Level 2.5 Invocations
 + Level 2.3 Evocations


You had 10 spell levels left.
You didn't know any spells.
Your spell library was empty.

Dungeon Overview and Level Annotations

Branches:
Dungeon (5/15)
 Temple: D:4-7

Altars:
Makhleb
Wu Jian

Shops:
D:3 :*(

Annotations:
D:4 Pikel


Innate Abilities, Weirdness & Mutations

You have very sharp teeth.
Your uncanny sense of smell can sniff out nearby items.
Your experience applies equally to all skills.


Message History

Pikel is lightly wounded.
Pikel hits you with a +2 whip of electrocution.
You are electrocuted!
* * * LOW HITPOINT WARNING * * *
You barely miss Pikel.
Pikel is lightly wounded.
You closely miss Pikel.
Pikel is lightly wounded.
Pikel hits you with a +2 whip of electrocution.
* * * LOW HITPOINT WARNING * * *
You closely miss Pikel.
Pikel is lightly wounded.
You hit Pikel.
Pikel is lightly wounded.
Pikel closely misses you.
You hit Pikel.
Pikel is lightly wounded.
You hit Pikel but do no damage.
Pikel is lightly wounded.
Pikel cracks his whip.
Pikel hits you with a +2 whip of electrocution.
* * * LOW HITPOINT WARNING * * *
You are electrocuted!
* * * LOW HITPOINT WARNING * * *
A lemure comes into view.
Unknown command.
You closely miss Pikel.
Pikel is lightly wounded.
Pikel barely misses you.
You closely miss Pikel.
Pikel is lightly wounded.
You hit Pikel. You bite Pikel.
Pikel is moderately wounded.
Pikel misses you.
You hit Pikel.
Pikel is moderately wounded.
You barely miss Pikel.
Pikel is moderately wounded.
Pikel hits you with a +2 whip of electrocution.
You die...

#......# #)# #......# #)#
#### #......###.######. ...#
#......'.......... ...#
#......###.######.
...##########......# ....
...............######.....#
................######.##.#
...##.#####.#...@K5555......
#####..)...<#.#.######.##
#.# ## #.......#'#..#
#.##.#K# )## #..........#.##
#.#. #)###..........#..#
#.##.#. .#.##..........##.##
#..... #.#.######.....##..#
#.##.##### ##K#.##
#..)..###.# #.#......
##5#.## #.....# #.###.#...#


You could see Pikel and 4 lemures.

Vanquished Creatures
  A necrophage (D:2)
  A phantom (D:4)
  3 orc priests (D:4)
  8 gnolls
  8 adders
  An adder skeleton (D:4)
  3 worms
  3 dart slugs
  8 orcs
  7 bats
  4 endoplasms
  2 giant cockroaches
  5 goblins
  7 hobgoblins
  3 jackals
  7 kobolds
  2 ball pythons
  A frilled lizard (D:1)
  4 rats
78 creatures vanquished.

Notes
Turn   | Place    | Note
-------+----------+-------------------------------------------
     0 | D:1      | ZombieSheep the Gnoll Monk began the quest for the Orb.
     0 | D:1      | Reached XP level 1. HP: 23/23 MP: 1/1
   143 | D:1      | Reached XP level 2. HP: 16/29 MP: 2/2
  1040 | D:2      | Noticed a necrophage
  1061 | D:2      | Killed a necrophage
  1062 | D:2      | Reached skill level 1 in Short Blades
  1062 | D:2      | Reached skill level 1 in Long Blades
  1062 | D:2      | Reached skill level 1 in Axes
  1062 | D:2      | Reached skill level 1 in Maces & Flails
  1062 | D:2      | Reached skill level 1 in Staves
  1062 | D:2      | Reached skill level 1 in Slings
  1062 | D:2      | Reached skill level 1 in Bows
  1062 | D:2      | Reached skill level 1 in Crossbows
  1062 | D:2      | Reached skill level 1 in Throwing
  1062 | D:2      | Reached skill level 1 in Armour
  1062 | D:2      | Reached skill level 1 in Shields
  1062 | D:2      | Reached skill level 1 in Unarmed Combat
  1062 | D:2      | Reached skill level 1 in Spellcasting
  1062 | D:2      | Reached skill level 1 in Conjurations
  1062 | D:2      | Reached skill level 1 in Hexes
  1062 | D:2      | Reached skill level 1 in Summonings
  1062 | D:2      | Reached skill level 1 in Necromancy
  1062 | D:2      | Reached skill level 1 in Translocations
  1062 | D:2      | Reached skill level 1 in Transmutations
  1062 | D:2      | Reached skill level 1 in Fire Magic
  1062 | D:2      | Reached skill level 1 in Ice Magic
  1062 | D:2      | Reached skill level 1 in Air Magic
  1062 | D:2      | Reached skill level 1 in Earth Magic
  1062 | D:2      | Reached skill level 1 in Poison Magic
  1062 | D:2      | Reached skill level 1 in Invocations
  1062 | D:2      | Reached skill level 1 in Evocations
  1062 | D:2      | Reached XP level 3. HP: 14/35 MP: 2/4
  1062 | D:2      | Reached XP level 4. HP: 16/41 MP: 2/5
  1315 | D:2      | Reached XP level 5. HP: 44/47 MP: 6/6
  1385 | D:2      | Found a faded altar of an unknown god.
  2242 | D:3      | Found a burning altar of Makhleb.
  2270 | D:3      | Found an ornate altar of the Wu Jian Council.
  2315 | D:3      | Found Naeg's Book Emporium.
  2317 | D:3      | Found Borijeir's General Store.
  2560 | D:3      | Found Zad Soe's Antique Weapon Emporium.
  2854 | D:3      | Reached XP level 6. HP: 53/53 MP: 8/8
  4204 | D:4      | Noticed Pikel
  4261 | D:5      | Entered Level 5 of the Dungeon
  4728 | D:4      | Reached XP level 7. HP: 29/59 MP: 10/10
  5062 | D:4      | HP: 2/60 [Pikel (12)]
  5067 | D:4      | Slain by Pikel

Illustrated notes

Levels and vault maps discovered:
D:1:      nzn_arrival_depleted_hourglass, layout_basic
D:2:      layout_loops_cross, hellmonk_ecumenical_altar_run_dry,
          minmay_tiny_reverse_x
D:3:      layout_loops_ring, lightli_temple_of_fire, amcnicky_altar_gilded,
          serial_shops, shop_fountains, shop,
          nicolae_shop_competitors_out_of_business, minmay_misc_feat_diagonals,
          grunt_ministairs_4
D:4:      minmay_inner_zag, layout_basic, uniq_pikel
D:5:      layout_layer_cave, led_sif_book, gup_sewer_entry_bowl,
          roderic_roman_lattice, uniq_blork_the_orc, uniq_crazy_yiuf_cottage

Skill      XL: |  1  2  3  4  5  6  7 |
---------------+----------------------+-----
Short Blades   | 1 2 |  2.3
Long Blades    | 1 2 |  2.3
Axes           | 1 2 |  2.3
Maces & Flails | 1 2 |  2.3
Staves         | 1 2 |  2.3
Slings         | 1 2 |  2.3
Bows           | 1 2 |  2.3
Crossbows      | 1 2 |  2.3
Throwing       | 1 2 |  2.3
Armour         | 1 2 |  2.3
Shields        | 1 2 |  2.3
Unarmed Combat | 1 2 |  2.3
Spellcasting   | 1 2 |  2.3
Conjurations   | 1 |  1.8
Hexes          | 1 |  1.8
Summonings     | 1 |  1.8
Necromancy     | 1 |  1.8
Translocations | 1 |  1.8
Transmutations | 1 |  1.8
Fire Magic     | 1 |  1.8
Ice Magic      | 1 |  1.8
Air Magic      | 1 |  1.8
Earth Magic    | 1 |  1.8
Poison Magic   | 1 |  1.8
Invocations    | 1 2 |  2.5
Evocations     | 1 2 |  2.3
Fighting       | 7 |  7.0
Polearms       | 7 |  7.0
Dodging        | 7 |  7.0
Stealth        | |  4.8

Action                   |  1- 3 |  4- 6 |  7- 9 || total
-------------------------+-------+-------+-------++-------
Melee: Spear             |    72 |   329 |    37 ||   438
       Bite              |    11 |    24 |     4 ||    39
       Punch             |       |     1 |       ||     1
Throw: Boomerang         |       |     4 |       ||     4
  Use: Scroll            |     2 |     2 |     1 ||     5
       Potion            |     1 |     4 |     1 ||     6
 Stab: Sleeping          |     4 |     6 |       ||    10
Armor: Leather armour    |     4 |       |       ||     4
       Ring mail         |     8 |     6 |       ||    14
       Scale mail        |       |    58 |     2 ||    60
       Skin              |       |    19 |     2 ||    21
Dodge: Dodged            |    22 |    86 |     7 ||   115
